 Dungeon Crawl Stone Soup version 0.31-a0-1327-g8c40ea976f (webtiles) character file.

Game seed: 6220662317821306675

51 GreatBamboolord the Apothecary (level 3, -4/31 HPs)
             Began as a Naga Alchemist on Dec 21, 2023.
             Slain by a gnoll
             ... wielding a +0 spear
              (7 damage)
             ... on level 2 of the Dungeon.
             The game lasted 00:02:10 (1263 turns).

GreatBamboolord the Apothecary (Naga Alchemist)     Turns: 1263, Time: 00:02:10

Health: -4/31      AC:  2    Str: 10    XL:     3   Next: 81%
Magic:  1/6        EV: 10    Int: 17    God:
Gold:   59         SH:  0    Dex: 11    Spells: 3/6 levels left

rFire   . . .        c - +0 short sword
rCold   . . .        (no shield)
rNeg    . . .        a - +0 robe
rPois   +            (no helmet)
rElec   .            (no cloak)
rCorr   .            (no gloves)
SInv    +            (no barding)
Will    .....        (no amulet)
Stlth   ++           (no ring)
HPRegen 0.25/turn    (no ring)
MPRegen 0.10/turn

%: no passive effects
@: invisible, very slow
A: AC +1, large, see invisible, deformed body, poison resistance, slowness 2,
spit poison 1, naga tail 1
a: Spit Poison


You were on level 2 of the Dungeon.
You visited 1 branch of the dungeon, and saw 2 of its levels.

You collected 59 gold pieces.

Inventory:

Hand Weapons
 c - a +0 short sword (weapon)
Armour
 a - a +0 robe (worn)
Scrolls
 e - a scroll of revelation {unknown}
 f - a scroll of teleportation {unknown}
 g - 2 scrolls of identify {unknown}
 h - a scroll of fog {unknown}
Potions
 b - a potion of magic
 i - a potion of cancellation {unknown}


   Skills:
 + Level 1.2 Fighting
 + Level 1.9 Dodging
 + Level 3.5 Stealth
 + Level 2.2 Spellcasting
 + Level 1.5 Conjurations
 + Level 0.9 Air Magic
 + Level 3.9 Alchemy


You had 3 spell levels left.
You knew the following spells:

 Your Spells              Type           Power      Damage    Failure   Level
a - Sting                 Conj/Alch      44%        1d5       6%          1
b - Mercury Vapours       Alch/Air       20%        N/A       11%         2

Your spell library contained the following spells:

 Spells                   Type           Power      Damage    Failure   Level
 Mephitic Cloud           Conj/Alch/Air  9%         N/A       24%         3
 Ensorcelled Hibernation  Hex/Ice        2%         N/A       28%         2
 Fugue of the Fallen      Necr           1%         N/A       50%         3
 Olgreb's Toxic Radiance  Alch           15%        N/A       36%         4
 Sticky Flame             Fire/Alch      8%         2d4       63%         4
 Anguish                  Hex/Necr       0%         N/A       88%         4


Dungeon Overview and Level Annotations

Branches:
Dungeon (2/15)

Altars:

Shops:
D:1 (


Innate Abilities, Weirdness & Mutations

Your serpentine skin is tough. (AC +1)
You have supernaturally acute eyesight. (SInv)
Armour fits poorly on your strangely shaped body.
Your system is resistant to poisons. (rPois)
You cover ground very slowly.
You can spit poison.
You have a snake-like lower body.


Message History

A gnoll comes into view. It is wielding a +0 spear.
A gnoll comes into view. It is wielding a +0 whip.
You miscast Sting.
You are very lightly contaminated with residual magic.
Nothing appears to happen.
The gnoll shouts! x2
The sting hits the gnoll.
The gnoll is poisoned.
The gnoll is moderately wounded.
The sting hits the gnoll.
The gnoll looks even sicker.
The gnoll is moderately wounded.
The sting hits the gnoll.
The gnoll looks even sicker.
The gnoll is heavily wounded.
The gnoll hits you with a +0 club!
The sting hits the gnoll.
The gnoll looks as sick as possible!
The gnoll is severely wounded.
The gnoll hits you with a +0 club.
The sting hits the gnoll.
The gnoll looks as sick as possible!
You kill the gnoll!
You don't have enough magic to cast this spell.
Your magical contamination has completely faded away.
The gnoll hits you from afar with a +0 spear.
The gnoll completely misses you.
Aiming: Sting (safe; 6% risk of failure)
Press: ? - help, Q - select action, (/) - cycle Shift-Dir - straight line, f - gnoll
Aim: a gnoll, wielding a +0 spear (75% to hit)
The sting hits the gnoll.
The gnoll is poisoned.
The gnoll is moderately wounded.
The gnoll hits you from afar with a +0 spear.
The gnoll closely misses you. The gnoll attacks as it pursues you!
The gnoll barely misses you. The gnoll attacks as it pursues you!
The gnoll hits you from afar with a +0 spear!
* * * LOW HITPOINT WARNING * * *
The gnoll hits you from afar with a +0 spear.
* * * LOW HITPOINT WARNING * * *
It was a potion of invisibility.
You fade into invisibility!
The gnoll looks more healthy.
The gnoll hits you from afar with a +0 spear!
You die...

#.# #........ #.# #........
##)## #.......#
#...############# #.......#
#....>..........####.......#
#...#...#######...##.......#
#.g.##..# ###.##.......#
#...##..#########.##)......#
##.####.gg.@........).......
#......##########.#########
######## #.###..)...
#.)##...... ##.##......
#..#...... ##.'......
###...... #......


You could see 2 gnolls.

Vanquished Creatures
  A gnoll (D:2)
  A dart slug (D:1)
  2 ball pythons
  6 endoplasms
  A giant cockroach (D:1)
  4 goblins
  3 hobgoblins
  2 jackals (D:2)
  3 quokkas (D:2)
  3 bats
  2 frilled lizards
  5 kobolds
  2 rats
35 creatures vanquished.

Notes
Turn   | Place    | Note
-------+----------+-------------------------------------------
     0 | D:1      | GreatBamboolord the Naga Alchemist began the quest for the
                  | Orb.
     0 | D:1      | Reached XP level 1. HP: 15/15 MP: 3/3
   198 | D:1      | Reached XP level 2. HP: 24/24 MP: 3/5
   728 | D:1      | Found Aguum's Antique Weapon Emporium.
   739 | D:1      | Learned a level 2 spell: Mercury Vapours
   813 | D:2      | Reached skill level 1 in Fighting
   837 | D:2      | Reached XP level 3. HP: 31/31 MP: 4/6
  1263 | D:2      | Slain by a gnoll

Illustrated notes

Levels and vault maps discovered:
D:1:      minmay_arrival_glassed_features, layout_basic, serial_shops, shop,
          minmay_pentomino_t4
D:2:      layout_basic, chequers_ecumenical_altar_simple

Skill      XL: |  1  2 |
---------------+-------+-----
Fighting       | 1 |  1.2
Dodging        | |  1.9
Stealth        | |  3.5
Spellcasting   | |  2.2
Conjurations   | |  1.5
Air Magic      | |  0.9
Alchemy        | |  3.9

Action                     || total
---------------------------++-------
  Melee: Unarmed           ||     7
         Short sword       ||    26
   Cast: Sting             ||    66
    Use: Potion            ||     1
 Armour: Robe              ||    40
  Dodge: Dodged            ||    32

Table legend: (Time is in decaauts)
 A = Elapsed time spent in this place.
 B = Non-inter-level travel time spent in this place.
 C = Inter-level travel time spent in this place.
 D = Time resting spent in this place.
 E = Time spent auto-exploring this place.
 F = Levels seen in this place.
 G = Mean time per level.
                   A        B        C        D        E       F      G
               +--------+--------+--------+--------+--------+-----+--------+
         Total |   1472 |   1437 |     35 |     47 |   1128 |   2 |  736.0 |
       Dungeon |   1472 |   1437 |     35 |     47 |   1128 |   2 |  736.0 |
               +--------+--------+--------+--------+--------+-----+--------+

Top non-repeatable levels by time:
     D:1: 979 daAuts
     D:2: 492 daAuts
